 Dungeon Crawl Stone Soup version 0.29-a0-289-g2178c42546 (webtiles) character file.

Game seed: 6085880965433136243

146 Dabor the Skirmisher (level 5, -12/53 HPs)
             Began as a Troll Fighter on Mar 17, 2022.
             Killed from afar by a green death (21 damage)
             ... with a bolt of poison
             ... on level 2 of the Abyss.
             The game lasted 00:03:09 (1773 turns).

Dabor the Skirmisher (Troll Fighter)                Turns: 1773, Time: 00:03:10

Health: -12/53     AC:  4    Str: 26    XL:     5   Next: 7%
Magic:  4/4        EV:  8    Int:  4    God:
Gold:   111        SH:  7    Dex:  9    Spells: 4/4 levels left

rFire   . . .      SeeInvis .   m - +2 war axe (elec)
rCold   . . .      Faith    .   c - +0 kite shield
rNeg    . . .      Spirit   .   b - +0 robe
rPois   .          Reflect  .   (helmet restricted)
rElec   .          Harm     .   (no cloak)
rCorr   .          Rampage  .   (gloves unavailable)
Will    .....                   (boots unavailable)
Stlth   ..........              g - amulet of regeneration
HPRegen 1.77/turn               (no ring)
MPRegen 0.09/turn               (no ring)

@: mighty, lethally poisoned (-12 -> -25), silenced, hasted, very quick
A: large, unfitting armour, claws 3, regeneration 1, shaggy fur 1, tough skin 1
a: no special abilities


You were on level 2 of the Abyss.
You visited 1 branch of the dungeon, and saw 3 of its levels.
You visited the Abyss 1 time.

You collected 111 gold pieces.

Inventory:

Hand Weapons
 a - a +0 flail
 j - a +1 vorpal mace
 m - a +2 war axe of electrocution (weapon)
Armour
 b - a +0 robe (worn)
 c - a +0 kite shield (worn)
Jewellery
 g - an amulet of regeneration (around neck)
Wands
 p - a wand of polymorph (8)
Scrolls
 f - a scroll of noise {unknown}
 h - 2 scrolls of silence
 i - a scroll of identify {unknown}
 k - a scroll of fog {unknown}
 l - a scroll of magic mapping {unknown}
 o - a scroll of teleportation {unknown}


   Skills:
 + Level 3.1 Fighting
 + Level 2.7 Maces & Flails
 + Level 1.8 Armour
 + Level 3.1 Dodging
 - Level 2.4 Shields


You had 4 spell levels left.
You didn't know any spells.
Your spell library contained the following spells:

 Spells                   Type           Power      Damage    Failure   Level
 Animate Skeleton         Necr           0%         N/A       80%         1
 Foxfire                  Conj/Fire      0%         2x1d4     80%         1
 Pain                     Necr           0%         1d4       80%         1
 Corpse Rot               Necr/Air       0%         N/A       91%         2
 Conjure Flame            Conj/Fire      0%         6-21      99%         3
 Ignite Poison            Fire/Tmut/Pois 0%         N/A       99%         3
 Inner Flame              Hex/Fire       0%         N/A       99%         3
 Flame Wave               Conj/Fire      0%         2d4       100%        4
 Sticky Flame             Conj/Fire      0%         2d3       100%        4
 Agony                    Necr           0%         N/A       100%        5


Dungeon Overview and Level Annotations

Branches:
Dungeon (3/15)

Altars:
Kikubaaqudgha
Okawaru


Innate Abilities, Weirdness & Mutations

You are too large for most types of armour.
You have claws for hands.
Your natural rate of healing is unusually fast.
You are covered in fur. (AC +1)
You have tough skin. (AC +1)


Message History

This branch contains the abyssal rune of Zot.
HP restored.
A green death bursts from nowhere.
The green death attacks as you move away!
The green death hits you! The green death gestures at you.
The poison arrow hits you!!
You are poisoned.
Ouch! That really hurt!
It was a potion of heal wounds.
You feel much better.
You feel very sick.
As you read the scroll labelled OMAGHAA IGGEWK, it crumbles to dust.
A profound silence engulfs you.
It was a scroll of silence.
You feel very sick. The green death hits you!
Magic scrolls do not work when you're silenced!
It was a potion of haste.
You feel yourself speed up.
You feel very sick. The green death hits you!
* * * LOW HITPOINT WARNING * * *
You feel very mighty all of a sudden.
You feel sick.
You slash the green death!
Lightning courses through the green death!
The green death is moderately wounded.
You feel very sick. You block the green death's attack.
You slash the green death!
The green death is heavily wounded.
You feel sick. The green death barely misses you.
You slice the green death!!
The green death is severely wounded.
You feel sick. You block the green death's attack.
You slice the green death!!
The green death is almost dead.
You feel sick. The green death gestures at you. The bolt of poison hits you!!
You are lethally poisoned!
You die...

#. #. ###.. ..#
####... ..
...##.... #..
...#.#..###
#...#.# ..#.2@#
...#.#.....### #.
..#...##
##.#.#.##...#.
ยง........##..##.
... .### .## #
...# ..#. ......
##.. # #. .
..#.#..# #.
#.#..## # ..##..


You could see a green death (unsilenced).

Vanquished Creatures
  Terence (D:2)
  An orc wizard (D:3)
  An adder (D:2)
  3 worms (D:2)
  3 orcs (D:3)
  3 endoplasms
  4 giant cockroaches (D:1)
  10 goblins
  6 hobgoblins (D:1)
  6 jackals (D:1)
  5 kobolds
  6 quokkas
  4 ball pythons
  8 bats
  3 frilled lizards
  A gnoll skeleton (D:3)
  6 rats
71 creatures vanquished.

Notes
Turn   | Place    | Note
-------+----------+-------------------------------------------
     0 | D:1      | Dabor the Troll Fighter began the quest for the Orb.
     0 | D:1      | Reached XP level 1. HP: 22/22 MP: 0/0
    77 | D:1      | Reached XP level 2. HP: 19/29 MP: 1/1
   202 | D:1      | Reached XP level 3. HP: 36/36 MP: 2/2
   256 | D:1      | Reached skill level 1 in Armour
   448 | D:1      | Found a faded altar of an unknown god.
   473 | D:1      | Prayed at the altar of an unknown god.
   473 | D:1      | Became a worshipper of Kikubaaqudgha
   473 | D:1      | Reached * piety under Kikubaaqudgha
   473 | D:1      | Received a gift from Kikubaaqudgha
   474 | D:1      | Fell from the grace of Kikubaaqudgha
   587 | D:2      | Noticed Terence
   596 | D:2      | Killed Terence
   597 | D:2      | Reached XP level 4. HP: 28/44 MP: 3/3
  1284 | D:3      | Found an iron altar of Okawaru.
  1399 | D:3      | Reached XP level 5. HP: 11/53 MP: 4/4
  1714 | D:3      | Noticed a centaur
  1718 | D:3      | Cast into level 2 of the Abyss (centaur)
  1762 | Abyss:2  | Noticed a green death
  1773 | Abyss:2  | Killed from afar by a green death

Illustrated notes

Levels and vault maps discovered:
D:1:      roderic_chinese_lattice_arrival, layout_rooms,
          shapermc_ecumenical_altar_totnotflames, serial_park_tiny_1
D:2:      layout_rooms, uniq_terence
D:3:      layout_loops_corners, okawaru_gym_becter
Abyss:2:  base:
D:1

Skill      XL: |  1  2  3  4 |
---------------+-------------+-----
Maces & Flails | 2 |  2.7
Armour         | 1 |  1.8
Fighting       | 3 |  3.1
Dodging        | 3 |  3.1
Shields        | |  2.4

Action                   |  1- 3 |  4- 6 || total
-------------------------+-------+-------++-------
Melee: Flail             |   121 |    38 ||   159
       Mace              |       |    26 ||    26
       War axe           |       |    22 ||    22
Invok: Renounce Religion |     1 |       ||     1
  Use: Potion            |       |     3 ||     3
       Scroll            |       |     1 ||     1
Armor: Robe              |    67 |    29 ||    96
Dodge: Dodged            |    66 |    35 ||   101
Block: Kite shield       |    62 |    33 ||    95

Table legend: (Time is in decaauts)
 A = Elapsed time spent in this place.
 B = Non-inter-level travel time spent in this place.
 C = Inter-level travel time spent in this place.
 D = Time resting spent in this place.
 E = Time spent auto-exploring this place.
 F = Levels seen in this place.
 G = Mean time per level.
                   A        B        C        D        E       F      G
               +--------+--------+--------+--------+--------+-----+--------+
         Total |   1859 |   1827 |     32 |      0 |   1280 |   4 |  464.8 |
       Dungeon |   1804 |   1772 |     32 |      0 |   1237 |   3 |  601.3 |
         Abyss |     54 |     54 |      0 |      0 |     43 |   1 |   54.0 |
               +--------+--------+--------+--------+--------+-----+--------+

Top non-repeatable levels by time:
     D:3: 615 daAuts
     D:1: 605 daAuts
     D:2: 583 daAuts
 Abyss:2: 54 daAuts
